[Event "French Top 16-A 2024"]
[Site "Chartres"]
[Date "2024.06.01"]
[Round "2.13"]
[White "Vaisser, Anatoly"]
[Black "Solakian-Van Eyll, Jerome"]
[Result "1-0"]
[ECO "D26"]
[WhiteElo "2451"]
[BlackElo "2247"]
[Annotator "TA"]
[PlyCount "148"]
[EventDate "2024.06.01"]
[EventType "team-tourn"]
[EventCountry "FRA"]
[SourceTitle "playchess.com"]
[Source "ChessBase"]
[SourceQuality "1"]
[TimeControl "40/5400+30:1800+30"]

1. d4 d5 2. c4 dxc4 3. e3 Nf6 4. Bxc4 e6 5. Nf3 c5 6. O-O Nc6 7. dxc5 Qd4 8. Qd3 Qxd3 9. Re1 Qd1 10. Rxd1 Bxc5 11. b3 b6 12. Bb2 {[%emt 0:00:00] Strongly threatening Bb5.} Bb7 13. Nbd2 {[%emt 0:00:00] The position is equal.} Be7 14. Rac1 {[%emt 0:00:00] Hoping for Bb5.} O-O 15. h3 Rfd8 16. Be2 Rac8 17. a3 Kf8 18. g4 h6 19. Ne1 Nb8 20. Nc4 Rxd1 21. Rxd1 Rd8 22. Nd3 Ne4 23. Nce5 Nc5 24. Nxc5 Rxd1+ 25. Bxd1 Bxc5 26. b4 Bd6 27. Nc4 Bc7 28. f3 Bd5 29. Be2 b5 30. Ne5 a6 31. e4 Bb6+ 32. Kg2 Bb3 33. h4 f6 34. Nd3 Bc4 35. Nf4 {[%emt 0:01:56] Threatens to win with Bxc4.} Bxe2 36. Nxe2 $11 {[%emt 0:00:02][%mdl 4096] Endgame. KBN-KBN} Nc6 37. f4 a5 38. bxa5 Nxa5 39. Bd4 Bc7 40. f5 Bd6 {[%emt 0:00:30] Inhibits Bc5.} 41. Nc3 exf5 $2 (41... Bxa3 $11 {and Black has nothing to worry.} 42. Nxb5 Bb4) 42. Nxb5 $18 Bxa3 43. Nxa3 fxg4 44. Bc3 (44. h5 $1 $18) 44... Nb3 (44... Nb7 $16) 45. Kg3 h5 46. Nc4 $1 Ke7 47. Kf4 $2 (47. e5 $1 $18 ) 47... Ke6 $11 48. Ke3 Nc5 49. Bb4 Nd7 50. Kf4 Nb8 51. Bc3 Nc6 52. Ne3 {[%emt 0:00:28] Nf5 would now be deadly.} Kf7 $2 {[%emt 0:01:14][%mdl 8192] [#] Black is on the road to losing.} (52... Ne5 $14) 53. e5 $1 $18 {[%emt 0:01:44] And now exf6 would win.} fxe5+ 54. Bxe5 Nd8 {[%emt 0:00:10] [#]} 55. Kg5 $1 g6 56. Ng2 {[%emt 0:00:19] Nf4 is the strong threat.} Nc6 (56... Ne6+ $142 57. Kh6 Nc5) 57. Bc3 (57. Bf6 $142 Nb8 58. Nf4) 57... Nd8 58. Nf4 g3 59. Be1 g2 60. Bf2 Kg7 61. Nxg6 (61. Nxg2 $2 Ne6#) 61... Nf7+ 62. Kxh5 Nd6 63. Nf4 Ne4 64. Bd4+ Kh7 65. Nxg2 {[%emt 0:00:11] White mates.} Ng3+ 66. Kg4 Ne4 67. Nf4 Nd6 68. Ne6 Nc4 69. Ng5+ Kh6 70. Nf7+ Kh7 71. Kh5 Na5 72. Ng5+ Kg8 73. Kg6 Nc6 74. Bf6 Nb8 {[%emt 0:03:44] Weighted Error Value: White=0.12 (very precise) /Black=0.29 (precise) .  Loses game:     	---       	Black=2      Missed win:     	White=1     	---        Mistake:       	White=2     	Black=2      Inaccurate:     	White=1     	Black=1      OK:         	White=14    	Black=20     Best:        	White=1     	Black=1      Strong:       	White=3     	---} 1-0

[Event "French Top 16-A 2024"]
[Site "Chartres"]
[Date "2024.06.01"]
[Round "2.13"]
[White "Malassagne, Raphael"]
[Black "Barbot, Pierre"]
[Result "0-1"]
[ECO "A45"]
[WhiteElo "2260"]
[BlackElo "2425"]
[Annotator "RC"]
[PlyCount "72"]
[EventDate "2024.06.01"]
[EventType "team-tourn"]
[EventCountry "FRA"]
[SourceTitle "playchess.com"]
[Source "ChessBase"]
[SourceQuality "1"]
[TimeControl "40/5400+30:1800+30"]

1. d4 Nf6 2. Bg5 e6 3. e4 h6 4. Bxf6 Qxf6 5. Nc3 Bb4 6. Qd3 d5 7. O-O-O O-O 8. e5 Qd8 9. a3 Be7 10. f4 b5 11. h4 b4 12. axb4 Bxb4 13. Rh3 c5 14. Nge2 Qa5 15. Nb1 c4 16. Qe3 Nc6 17. f5 exf5 18. Nf4 Kh7 19. Be2 Be7 20. Nc3 Be6 21. g4 fxg4 22. Nxe6 fxe6 23. Bxg4 Nd8 24. Rg1 Rb8 25. Bh5 Rb7 26. Qg3 Bb4 27. Qg6+ Kh8 28. Be2 Qa1+ 29. Kd2 Qxb2 30. Rf1 Rxf1 31. Bxf1 Rf7 32. Be2 Ba5 33. h5 Qb6 34. Kc1 Qxd4 35. Rf3 Rxf3 36. Bxf3 Qf4+ 0-1

[Event "French Top 16-A 2024"]
[Site "Chartres"]
[Date "2024.06.01"]
[Round "2.14"]
[White "Loiseau, Quentin"]
[Black "Wlodarczyk, Cyril"]
[Result "1-0"]
[ECO "E11"]
[WhiteElo "2411"]
[BlackElo "2123"]
[Annotator "RC"]
[PlyCount "53"]
[EventDate "2024.06.01"]
[EventType "team-tourn"]
[EventCountry "FRA"]
[SourceTitle "playchess.com"]
[Source "ChessBase"]
[SourceQuality "1"]
[TimeControl "40/5400+30:1800+30"]

1. d4 Nf6 2. c4 e6 3. Nf3 Bb4+ 4. Bd2 a5 5. a3 Bxd2+ 6. Qxd2 b6 7. Nc3 Bb7 8. Qf4 d6 9. e4 Nc6 10. d5 e5 11. Qg5 Nd4 12. Nxd4 exd4 13. Nb5 O-O 14. Bd3 Qe7 15. O-O h6 16. Qf4 Nh5 17. Qd2 g5 18. Nxd4 Rae8 19. Rae1 Qf6 20. Bc2 Re5 21. Re3 g4 22. f4 Ree8 23. e5 dxe5 24. fxe5 Qg5 25. Rf5 Qh4 26. g3 Qh3 27. Qd3 1-0

[Event "French Top 16-A 2024"]
[Site "Chartres"]
[Date "2024.06.01"]
[Round "2.14"]
[White "Hirth, Julien"]
[Black "Degraeve, Jean-Marc"]
[Result "0-1"]
[ECO "B03"]
[WhiteElo "2063"]
[BlackElo "2463"]
[Annotator "RC"]
[PlyCount "94"]
[EventDate "2024.06.01"]
[EventType "team-tourn"]
[EventCountry "FRA"]
[SourceTitle "playchess.com"]
[Source "ChessBase"]
[SourceQuality "1"]
[TimeControl "40/5400+30:1800+30"]

1. e4 Nf6 2. e5 Nd5 3. d4 d6 4. c4 Nb6 5. f4 dxe5 6. fxe5 Nc6 7. Be3 Bf5 8. Nc3 e6 9. Nf3 Be7 10. d5 exd5 11. cxd5 Nb4 12. Nd4 Bd7 13. e6 fxe6 14. dxe6 Bc6 15. a3 Bh4+ 16. g3 Bxh1 17. axb4 Bf6 18. Qg4 O-O 19. O-O-O Qe8 20. Bd3 h5 21. Qf5 g6 22. Qxg6+ Qxg6 23. Bxg6 Bg2 24. Nf5 Bh3 25. Bf7+ Rxf7 26. Nh6+ Kg7 27. exf7 Kg6 28. Nd5 Nxd5 29. Rxd5 Be6 30. Rc5 c6 31. Ng8 Bg7 32. Ne7+ Kxf7 33. Nf5 b6 34. Nxg7 bxc5 35. Nxe6 Kxe6 36. Bxc5 Kd5 37. Be3 Kc4 38. h4 Kxb4 39. Kc2 Kc4 40. Bg5 a5 41. Kd2 Re8 42. Bf6 a4 43. Bg7 Kb3 44. Kd3 c5 45. Bf6 c4+ 46. Kd2 Rf8 47. Be5 Rf2+ 0-1

[Event "French Top 16-A 2024"]
[Site "Chartres"]
[Date "2024.06.01"]
[Round "2.15"]
[White "Guichard, Pauline"]
[Black "Lemonnier, Remi"]
[Result "1-0"]
[ECO "A52"]
[WhiteElo "2362"]
[BlackElo "2022"]
[Annotator "RC"]
[PlyCount "59"]
[EventDate "2024.06.01"]
[EventType "team-tourn"]
[EventCountry "FRA"]
[SourceTitle "playchess.com"]
[Source "ChessBase"]
[SourceQuality "1"]
[TimeControl "40/5400+30:1800+30"]

1. d4 Nf6 2. c4 e5 3. dxe5 Ng4 4. e4 Nxe5 5. f4 Nec6 6. Be3 Bb4+ 7. Nc3 Bxc3+ 8. bxc3 Na6 9. Nf3 Qe7 10. Nd2 b6 11. Be2 Qh4+ 12. g3 Qe7 13. O-O Bb7 14. Qc2 O-O-O 15. Nb3 f5 16. e5 g6 17. Bf3 d6 18. Qg2 Nab8 19. Nd4 Na5 20. Bxb7+ Nxb7 21. Nb5 c6 22. Nxa7+ Kc7 23. Rab1 Nc5 24. Bxc5 dxc5 25. Qb2 Nd7 26. Rfd1 Ra8 27. Nxc6 Kxc6 28. Qb5+ Kc7 29. Rd6 Ra7 30. Rxd7+ 1-0

[Event "French Top 16-A 2024"]
[Site "Chartres"]
[Date "2024.06.01"]
[Round "2.15"]
[White "Joslin, Jerome"]
[Black "Sochacki, Christophe"]
[Result "0-1"]
[ECO "D08"]
[WhiteElo "2003"]
[BlackElo "2451"]
[Annotator "TA"]
[PlyCount "38"]
[EventDate "2024.06.01"]
[EventType "team-tourn"]
[EventCountry "FRA"]
[SourceTitle "playchess.com"]
[Source "ChessBase"]
[SourceQuality "1"]
[TimeControl "40/5400+30:1800+30"]

1. d4 d5 2. c4 e5 3. dxe5 d4 4. Nf3 Nc6 5. a3 g6 6. g3 Bg7 7. Bg2 Nxe5 8. Nbd2 {[%emt 0:05:45] White has an edge.} (8. Qxd4 $2 Nxf3+ 9. exf3 Qxd4 $19 (9... Bxd4 $2 10. O-O $19)) 8... Nxf3+ 9. Bxf3 Ne7 10. Nb3 O-O 11. O-O Bh3 12. Bxb7 Bxf1 13. Bxa8 Bxe2 14. Qxe2 d3 $1 15. Qe4 Qxa8 16. Qxd3 (16. Qxe7 Re8 17. Qb4 (17. Qxc7 $2 Re1#) 17... a5 $19) 16... Nf5 17. Qc2 (17. Bf4 $11) 17... Qf3 {[%emt 0:13:05][%mdl 1024] Hoping for ...Re8. Black has compensation.} 18. Bd2 $2 {[%emt 0:03:39] [#]} (18. Nd2 $1 $15 Qh5 19. Nb3) 18... Bd4 $1 $19 19. Bc3 $2 (19. Bf4 $19 g5 20. Rf1 (20. Bxg5 $2 {perishes.} Re8 $19) (20. Bxc7 {gets mated.} Ne3) 20... gxf4 21. Qxf5 Qxb3 22. Qxf4 Qxb2 (22... Bxb2 $2 23. Qxc7 Qxa3 24. Rd1 $19) (22... Qxc4 $2 23. Re1 $19) 23. c5) 19... Ne3 {[%emt 0:00:59] Weighted Error Value: White=0.78/Black=0.03 (flawless) .  Loses game:     	White=1     	---        Mistake:       	White=2     	---        Inaccurate:     	White=2     	Black=1      OK:         	White=4     	Black=6      Best:        	---       	Black=1      Strong:       	---       	Black=2} 0-1

[Event "French Top 16-A 2024"]
[Site "Chartres"]
[Date "2024.06.01"]
[Round "2.16"]
[White "Auvray, Juliette"]
[Black "Goldsztejn, Gildas"]
[Result "0-1"]
[ECO "B77"]
[WhiteElo "1969"]
[BlackElo "2412"]
[Annotator "RC"]
[PlyCount "86"]
[EventDate "2024.06.01"]
[EventType "team-tourn"]
[EventCountry "FRA"]
[SourceTitle "playchess.com"]
[Source "ChessBase"]
[SourceQuality "1"]
[TimeControl "40/5400+30:1800+30"]

1. e4 c5 2. Nf3 d6 3. d4 cxd4 4. Nxd4 Nf6 5. Nc3 g6 6. f3 Bg7 7. Be3 O-O 8. Qd2 Nc6 9. Bc4 Nxd4 10. Bxd4 Be6 11. Bxe6 fxe6 12. O-O-O Qa5 13. Kb1 Rac8 14. Ne2 Qxd2 15. Rxd2 a6 16. Be3 Nd7 17. Nd4 Kf7 18. c3 Ne5 19. Re2 Nc4 20. Bc1 b5 21. a3 Rc7 22. Rf1 Rb8 23. Nc2 Ne5 24. Nb4 Ra8 25. f4 Nd7 26. g4 a5 27. Nc2 Rc4 28. f5 Kg8 29. Bg5 Re8 30. h4 Nc5 31. Rfe1 Na4 32. fxg6 hxg6 33. h5 Nxb2 34. Kxb2 Bxc3+ 35. Kb1 Bxe1 36. Rxe1 b4 37. axb4 axb4 38. hxg6 Kg7 39. Bc1 Kxg6 40. Bb2 e5 41. Re2 Rh8 42. Ka2 Rh3 43. Na1 Rg3 0-1

[Event "French Top 16-A 2024"]
[Site "Chartres"]
[Date "2024.06.01"]
[Round "3.1"]
[White "Lupulescu, Constantin"]
[Black "Pichot, Alan"]
[Result "1/2-1/2"]
[ECO "E52"]
[WhiteElo "2588"]
[BlackElo "2635"]
[Annotator "TA"]
[PlyCount "43"]
[EventDate "2024.06.01"]
[EventType "team-tourn"]
[EventCountry "FRA"]
[SourceTitle "playchess.com"]
[Source "ChessBase"]
[SourceQuality "1"]
[TimeControl "40/5400+30:1800+30"]

1. d4 Nf6 2. c4 e6 3. Nc3 Bb4 4. e3 b6 5. Bd3 Bb7 6. Nf3 O-O 7. O-O d5 8. a3 Bd6 9. b4 dxc4 10. Bxc4 Nbd7 11. Bb2 a6 12. Qe2 e5 13. Nxe5 {[%emt 0:08:45] White has an edge.} Nxe5 14. dxe5 Bxe5 15. Rad1 (15. f4 {simplifies} Bxc3 16. Bxc3 Qe7 17. Rac1) 15... Qe7 {[%emt 0:04:18] The position is equal.} 16. Nd5 Bxd5 17. Bxd5 Nxd5 18. Rxd5 Bxb2 19. Qxb2 Rfd8 20. Rfd1 Rxd5 21. Rxd5 c6 22. Rd3 {[%emt 0:03:23] An uneventful encounter.   Weighted Error Value: White=0.13 (very precise) /Black=0.06 (flawless) .  Inaccurate:     	White=2     	Black=1      OK:         	---       	Black=5} 1/2-1/2

[Event "French Top 16-A 2024"]
[Site "Chartres"]
[Date "2024.06.01"]
[Round "3.1"]
[White "Alonso Rosell, Alvar"]
[Black "Erigaisi Arjun"]
[Result "0-1"]
[ECO "A20"]
[WhiteElo "2556"]
[BlackElo "2762"]
[Annotator "TA"]
[PlyCount "70"]
[EventDate "2024.06.01"]
[EventType "team-tourn"]
[EventCountry "FRA"]
[SourceTitle "playchess.com"]
[Source "ChessBase"]
[SourceQuality "1"]
[TimeControl "40/5400+30:1800+30"]

1. c4 e5 2. g3 Nf6 3. Bg2 h6 4. Nc3 Bb4 5. e4 Bxc3 6. dxc3 {[%emt 0:02:11] A20: English Opening: 1...e5.} d6 7. Qc2 a5 8. a4 O-O 9. Nf3 Na6 10. Nd2 Nc5 11. Nf1 Bd7 12. Ne3 $146 ({Predecessor:} 12. Be3 b6 13. Bxc5 bxc5 14. Ne3 Rb8 15. O-O Qc8 16. f4 Re8 17. Qf2 exf4 18. Qxf4 Rxb2 {0-1 Holly,A (2009)-Sorkovsky,M (2143) SVK-chT1E 1920 2019 (10.5)}) 12... Ra6 13. O-O Qe8 14. b4 axb4 (14... Nxa4 $2 15. b5 $18) 15. cxb4 Bxa4 (15... Nxa4 $2 16. b5 Bxb5 17. cxb5 Qxb5 18. Nd5 (18. Qxc7 $2 Rc6 $19) 18... Nxd5 19. exd5 $18) 16. Qb1 Nb3 17. b5 Nxa1 18. bxa6 Nb3 19. axb7 Qc6 20. Qa2 (20. Nd5 $1 $15 Nxd5 (20... Qxc4 21. Nxf6+ gxf6 22. Bxh6 $16) 21. cxd5 Qxb7 22. Qa2 Nxc1 23. Rxc1) 20... Rb8 $1 $17 (20... Nxe4 $2 21. Qb1 (21. Bxe4 Qxe4 22. Qxa4 Nd4 $18) 21... Qxb7 (21... f5 $2 22. Nxf5 Qxb7 23. Bxe4 $18) 22. Bxe4 $18 (22. Qxe4 Qxe4 23. Bxe4 Bd7 $18)) 21. Ba3 Rxb7 (21... Qxb7 22. Bxd6 cxd6 23. Qxa4 $11) 22. c5 dxc5 $19 (22... Nxe4 23. Nf5 Kh8 (23... Nbxc5 $2 24. Ne7+ Kh7 25. Nxc6 $18) 24. cxd6 $18 (24. Ne7 Qd7 $18)) 23. f4 Qe6 (23... Nxe4 24. Nf5 Kh8 25. Re1 $16) 24. fxe5 Nd7 25. Nd5 (25. Bb2 $142 Nd2 26. Ra1) 25... Bc6 (25... Qxe5 26. Bb2 Qe6 (26... Nd4 $2 27. Qxa4 Rxb2 28. Qxd7 $18) 27. Qxa4 $11) 26. Nf4 (26. Bb2 {keeps fighting.}) 26... Qxe5 $19 27. Bb2 Nd4 {[%emt 0:00:08][%cal Ob7b2] ...Rxb2! would now be deadly.} 28. Ba1 Bb5 ({Not} 28... Bxe4 29. Re1 $16) 29. Rf2 (29. Rd1 $142) 29... Rb6 $19 {[%emt 0:00:52] Strongly threatening ...Ra6.} 30. Qd5 Bc6 31. Qa2 {[%emt 0:00:25] Prevents Rb1+.} Bxe4 32. Bxd4 cxd4 (32... Qxd4 33. Ne2 Rb1+ 34. Qxb1 $17) 33. Re2 Rb1+ 34. Kf2 Nf6 35. h3 $2 {[%emt 0:00:57] Wards off Ng4+} (35. Bxe4 Nxe4+ 36. Kg2) 35... Rb8 ({Worse is} 35... g5 36. Qxb1 $11) 0-1

[Event "French Top 16-A 2024"]
[Site "Chartres"]
[Date "2024.06.01"]
[Round "3.2"]
[White "Ter-Sahakyan, Samvel"]
[Black "Demuth, Adrien"]
[Result "1/2-1/2"]
[ECO "B06"]
[WhiteElo "2652"]
[BlackElo "2506"]
[Annotator "TA"]
[PlyCount "42"]
[EventDate "2024.06.01"]
[EventType "team-tourn"]
[EventCountry "FRA"]
[SourceTitle "playchess.com"]
[Source "ChessBase"]
[SourceQuality "1"]
[TimeControl "40/5400+30:1800+30"]

1. e4 g6 2. d4 Bg7 3. Nc3 d6 4. Be3 a6 5. Nf3 b5 6. Bd3 Bb7 7. e5 {[%emt 0:09:29] Prevents Nf6.} Nd7 {[%emt 0:15:43] [#]} 8. e6 $1 fxe6 9. Ng5 {[%emt 0:00:10] White is slightly better.} Nf8 10. h4 (10. O-O $11 {keeps the balance.}) 10... Qd7 ({Black should try} 10... Bxg2 $17 11. Rg1 Bc6) 11. h5 (11. a4 $11 {was preferrable.}) 11... Nh6 ({Better is} 11... Bxg2 $15 12. Rg1 Bc6) 12. a4 b4 13. Nce4 Nf5 14. Nf3 gxh5 ({Black should play} 14... c5 $15) 15. Nfg5 $1 $14 Ng6 16. Qxh5 {[%emt 0:04:50] Strongly threatening Ng3.} O-O-O 17. Bc4 $2 {[%emt 0:05:44] [#]} (17. Nf7 $11) 17... Bd5 $1 $36 {[%emt 0:04:21][%mdl 2048] Black is on the roll.} (17... Nxd4 18. Bxd4 (18. O-O-O Qxa4 19. Bxd4 Bxd4 $11) 18... Nf4 (18... Bxd4 $2 19. Bxe6 Bxb2 20. Bxd7+ $18) 19. Qf3 Bxd4 20. Bxa6 $11 (20. Qxf4 e5 $11)) (17... Bxd4 $2 18. Bxe6 Nxe3 19. Bxd7+ Rxd7 20. fxe3 $18) 18. Bxa6+ Kb8 {[%emt 0:00:05] And now ...Qc6 would win.} 19. Rd1 (19. Nxh7 $2 Rxh7 (19... Bxe4 $2 20. Qxg6 Qc6 21. Bd3 $19) (19... Bxd4 $2 20. Bxd4 Nxd4 21. O-O-O $19) (19... Nxe3 $2 20. fxe3 Bxe4 21. Qa5 $19) 20. Qxh7 Rh8 $19 (20... Bxe4 21. Qxg6 Qc6 22. Bd3 $14) (20... Bxe4 21. Qxg6 Bxc2 22. Bb5 $11)) 19... h6 $2 (19... Qxa4 $19 20. Bc4 Bxe4 (20... Bxc4 21. b3 $17) (20... Qxc2 $2 21. Bxd5 exd5 22. Ng3 $19) 21. Nxe4 Qxc2) 20. Qxg6 (20. Nf7 $1 $11 Nxe3 21. fxe3 Bxe4 22. Nxd8 Rxd8 23. Bd3 Bxd3 24. Rxd3) 20... hxg5 $19 21. Rxh8 Rxh8 {[%emt 0:00:05] Weighted Error Value: White=0.42/Black=0.34.  Missed win:     	---       	Black=1      Mistake:       	White=4     	Black=3      Inaccurate:     	White=1     	---        OK:         	White=3     	Black=4      Best:        	White=1     	Black=2      Strong:       	White=1     	Black=1} ({But not} 21... Bxh8 22. Bb5 Qc8 (22... c6 23. Bd3 $15) 23. Nxg5 $17) 1/2-1/2

[Event "French Top 16-A 2024"]
[Site "Chartres"]
[Date "2024.06.01"]
[Round "3.2"]
[White "Postny, Evgeny"]
[Black "Solakian-Van Eyll, Jerome"]
[Result "1-0"]
[ECO "D30"]
[WhiteElo "2602"]
[BlackElo "2247"]
[Annotator "TA"]
[PlyCount "119"]
[EventDate "2024.06.01"]
[EventType "team-tourn"]
[EventCountry "FRA"]
[SourceTitle "playchess.com"]
[Source "ChessBase"]
[SourceQuality "1"]
[TimeControl "40/5400+30:1800+30"]

1. d4 d5 2. c4 e6 3. Nf3 a6 4. Bg5 Be7 5. Bxe7 Nxe7 6. e3 Nd7 7. Nc3 O-O 8. Rc1 Nf6 9. a3 b6 10. cxd5 Nexd5 11. Bd3 Bb7 12. O-O Qe7 13. Nxd5 Bxd5 14. Qe2 Bb7 15. Rc2 Rfc8 16. Rfc1 c5 17. dxc5 Rxc5 18. Rxc5 bxc5 19. e4 a5 20. Nd2 (20. Ne5 {looks sharper.} Qd6 21. Nc4 Qf4 22. Qd2) 20... Nd7 21. Nc4 Ba6 22. Nd2 Bxd3 23. Qxd3 Rb8 24. Nc4 h6 25. Rd1 Nb6 26. Nxa5 c4 $1 27. Qd4 Qc7 28. g3 Ra8 29. Qd6 Qxd6 30. Rxd6 Rxa5 31. Rxb6 c3 32. bxc3 Rxa3 33. Rc6 g5 34. Kg2 g4 {[%emt 0:02:11] [#]} 35. h3 $1 h5 36. Rc5 Kg7 37. h4 ({White should try} 37. Rxh5 $16 {Black must now prevent Rg5+.} gxh3+ 38. Rxh3) 37... Kg6 $14 38. Kf1 Ra2 39. Rc4 Rc2 40. Ke1 e5 41. Rc6+ Kg7 42. Kf1 f6 43. Rc7+ Kg6 44. Ke1 Kh6 45. c4 Kg6 46. Rc8 Kg7 47. Rc6 Kg6 48. Rc7 Kh6 49. c5 Rc4 50. Kd2 Rxe4 $2 (50... Kg6 $1 $11 {and Black is okay.}) 51. Kd3 (51. Kc3 $18) 51... f5 $2 (51... Re1 $16) 52. Rd7 Re1 53. Kc4 Kg6 54. Kd5 (54. c6 $142 Rc1+ 55. Kd5) 54... Rd1+ (54... Kf6 $142 55. Rd6+ Kf7) 55. Ke6 $18 (55. Kxe5 Rxd7 56. c6 Rd2 57. c7 Rc2 (57... Rxf2 $2 {too greedy.} 58. c8=Q $18) (57... Re2+ $2 58. Kd6 $19) 58. Kd6 f4 (58... Rxf2 $2 59. c8=Q $18) 59. gxf4 Kf5 (59... Rxf2 $2 60. c8=Q $18) 60. Kd7 Kxf4 (60... Rd2+ 61. Kc6 Rc2+ 62. Kd7 Kxf4 63. c8=Q Rxc8 64. Kxc8 Kf3 65. Kd7 Kxf2 66. Ke8 g3 67. Kf7 g2 68. Kg6 g1=Q+ 69. Kf7 Ke3 70. Kf6 Ke4 71. Ke6 Qg6+ 72. Kd7 Kd5 73. Kc7 Kc5 74. Kd8 Kd6 75. Kc8 Qb1 76. Kd8 Qb8#) 61. c8=B Rxc8 (61... Rxf2 62. Ke6 g3 63. Bb7 g2 64. Bxg2 Rxg2 65. Kd5 Rg4 66. Kd6 Rxh4 67. Kc6 Rg4 68. Kd6 h4 69. Ke6 h3 70. Kf7 h2 71. Ke6 h1=Q 72. Kd6 Rg5 73. Ke7 Rg6 74. Ke8 Qh7 75. Kf8 Rg8#) 62. Kxc8 Kf3 (62... g3 63. fxg3+ Kxg3 64. Kd7 Kxh4 65. Ke6 Kg4 66. Kf6 h4 67. Kg6 h3 68. Kf6 h2 69. Ke5 h1=Q 70. Kd6 Qc1 71. Kd5 Qc3 72. Ke6 Qd4 73. Kf7 Qe5 74. Kf8 Kf5 75. Kf7 Qc7+ 76. Ke8 Kg6 77. Kf8 Qf7#) 63. Kd7 Kxf2 64. Ke7 g3 65. Kf6 g2 66. Kf5 g1=Q (66... g1=R 67. Ke6 Rg4 68. Kf6 Rxh4 69. Kg5 Kg3 70. Kf5 Rd4 71. Kg5 h4 72. Kf6 h3 73. Ke5 Rd1 74. Ke6 h2 75. Kf7 h1=Q 76. Kf8 Qc6 77. Kg8 Rd7 78. Kh8 Qc8#) 67. Ke6 Qd1 68. Kf7 Qd6 69. Ke8 Kg3 70. Kf7 Kxh4 71. Kg7 Kg5 72. Kh7 Qe7+ 73. Kg8 Kh6 74. Kh8 Qh7#) 55... Rc1 56. Rd5 ({Weaker is} 56. Kxe5 Rxc5+ 57. Rd5 Rc2 $11) 56... Rc2 57. Rxe5 Rxf2 58. c6 f4 59. gxf4 Rxf4 60. c7 1-0

[Event "French Top 16-A 2024"]
[Site "Chartres"]
[Date "2024.06.01"]
[Round "3.3"]
[White "Karthik Venkataraman"]
[Black "Grigoryan, Karen H."]
[Result "1/2-1/2"]
[ECO "C67"]
[WhiteElo "2606"]
[BlackElo "2583"]
[Annotator "RC"]
[PlyCount "47"]
[EventDate "2024.06.01"]
[EventType "team-tourn"]
[EventCountry "FRA"]
[SourceTitle "playchess.com"]
[Source "ChessBase"]
[SourceQuality "1"]
[TimeControl "40/5400+30:1800+30"]

1. e4 e5 2. Nf3 Nc6 3. Bb5 Nf6 4. O-O Nxe4 5. d4 Nd6 6. Bxc6 dxc6 7. dxe5 Nf5 8. Qxd8+ Kxd8 9. Nc3 h6 10. h3 Bd7 11. b3 b6 12. Bb2 Kc8 13. Ne2 c5 14. g4 Ne7 15. Nf4 Bc6 16. Nd2 h5 17. Nxh5 g6 18. Nf6 Rxh3 19. f3 Nd5 20. Nxd5 Bxd5 21. c4 Bc6 22. Kg2 Rh4 23. Kg3 Be7 24. Ne4 1/2-1/2

[Event "French Top 16-A 2024"]
[Site "Chartres"]
[Date "2024.06.01"]
[Round "3.3"]
[White "Ramirez Garcia, Jorge Alberto"]
[Black "Ganguly, Surya Shekhar"]
[Result "0-1"]
[ECO "B22"]
[WhiteElo "2266"]
[BlackElo "2576"]
[Annotator "TA"]
[PlyCount "96"]
[EventDate "2024.06.01"]
[EventType "team-tourn"]
[EventCountry "FRA"]
[SourceTitle "playchess.com"]
[Source "ChessBase"]
[SourceQuality "1"]
[TimeControl "40/5400+30:1800+30"]

1. e4 c5 2. c3 Nf6 3. e5 Nd5 4. Nf3 d6 5. d4 cxd4 6. cxd4 Nc6 7. Bc4 dxe5 8. dxe5 Be6 9. O-O g6 10. Qb3 Qd7 {[%emt 0:10:22] The position is equal.} 11. Bd2 Bg7 12. Re1 O-O 13. a4 Rad8 14. h3 {[%emt 0:03:36] Inhibits Bg4.} Qc7 15. Bc3 {[%emt 0:08:38] White is now going downhill.} (15. Na3 $1 $15) 15... Nxc3 $17 16. Qxc3 {[%emt 0:09:06] [#]} Nxe5 $1 17. Nxe5 Bxe5 18. Rxe5 Qxc4 (18... Bxc4 19. Na3 Rc8 (19... f6 $2 20. Re4 $18) 20. Nxc4 Qxc4 21. Qg3) 19. Qxc4 Bxc4 20. Na3 Be6 21. Nb5 Rd2 22. b4 {[%emt 0:03:12] [#]} (22. Nc7 $17 {keeps fighting.}) 22... Rc8 $1 $19 23. Rc5 Rxc5 24. bxc5 {[%emt 0:00:03][%mdl 4096] Endgame. KRB-KRN} a6 25. Nc7 Bd7 26. Rb1 Bc6 (26... Bxa4 27. Rxb7 Rd7 28. Rb8+ Kg7 29. Nxa6 $15) 27. Rb6 a5 ({Not} 27... Bxa4 28. Rxb7 a5 29. Ra7 $15) 28. Na6 Rd8 {[%emt 0:01:10][%cal Od8c8] Against Nb8} ({Less strong is} 28... Rd1+ 29. Kh2 $19) 29. Nc7 Rd4 (29... Bxa4 30. Rxb7 Rd7 31. Rb8+ Kg7 32. Na6 $19) 30. Nb5 Rxa4 31. Na7 Bd5 32. c6 {[%emt 0:00:26] aiming for c7.} Bxc6 ({Weaker is} 32... bxc6 33. Nxc6 Bxc6 34. Rxc6 $19) 33. Nxc6 bxc6 34. Rxc6 {[%emt 0:00:04] KR-KR} Ra1+ 35. Kh2 a4 36. Rc7 e5 37. Re7 f6 38. Ra7 f5 39. h4 a3 40. Kg3 (40. Ra8+ $142 Kf7 41. Ra7+ Ke6 42. Rxh7) 40... a2 {[%emt 0:00:49] Strongly threatening ...h6.} 41. Kf3 h6 {[%emt 0:31:03] ...g5 would now be deadly.} 42. g3 g5 43. hxg5 hxg5 {[%emt 0:00:06] Threatens to win with ...e4+.} 44. Kg2 e4 {[%emt 0:00:20] And now ...Kf8 would win.} 45. Ra5 f4 {[%emt 0:01:09] ( -> ...f3+)} 46. Rxg5+ Kh7 {[%emt 0:00:05] Black mates.} 47. Ra5 f3+ 48. Kh2 {[%emt 0:00:10] [#]} e3 $1 {[%emt 0:00:05][%mdl 512] Weighted Error Value: White=1.11/Black=0.18 (very precise) .  Mistake:       	White=3     	---        Inaccurate:     	White=1     	---        OK:         	White=6     	Black=19     Best:        	White=1     	Black=2      Strong:       	---       	Black=1} 0-1